 Seeded DCSS version 0.28.0-43-g3370ac3207 (webtiles) character file.

Game seed: 1973 (custom seed)

205 Kazon the Skirmisher (level 5, 0/47 HPs)
             Began as a Ghoul Monk on Mar 23, 2022.
             Slain by a phantom (4 damage)
             ... on level 2 of the Dungeon.
             The game lasted 00:13:03 (2788 turns).

Kazon the Skirmisher (Ghoul Monk)                   Turns: 2788, Time: 00:13:03

Health: 0/47       AC:  2    Str: 17    XL:     5   Next: 83%
Magic:  4/4        EV: 12    Int:  5    God:
Gold:   163        SH:  0    Dex: 11    Spells: 4/4 levels left

rFire   . . .      SeeInvis .   e - +2 dagger (vamp)
rCold   + . .      Faith    .   (no shield)
rNeg    + + +      Spirit   .   b - +0 robe
rPois   ∞          Reflect  .   (no helmet)
rElec   .          Harm     .   (no cloak)
rCorr   .          Rampage  .   (no gloves)
Will    .....                   (no boots)
Stlth   ++........              l - amulet of magic regeneration
HPRegen 0.00/turn               (no ring)
MPRegen 0.49/turn               (no ring)

@: inhibited regen
A: claws 1, cold resistance 1, negative energy resistance 3, inhibited
regeneration, torment resistance 2
a: no special abilities


You were on level 2 of the Dungeon.
You visited 1 branch of the dungeon, and saw 3 of its levels.

You collected 163 gold pieces.

Inventory:

Hand Weapons
 a - a +0 short sword
 e - a +2 vampiric dagger (weapon)
 v - a +0 short sword of venom
Missiles
 d - 29 stones (quivered)
 i - 2 poisoned darts
 n - 15 sling bullets
 q - 45 bolts
Armour
 b - a +0 robe (worn)
Jewellery
 l - an amulet of magic regeneration (around neck)
 m - an amulet of faith
Scrolls
 f - a scroll of noise {unknown}
 g - 2 scrolls of teleportation {unknown}
 j - 5 scrolls of identify {unknown}
 p - a scroll of enchant weapon {unknown}
 r - a scroll of fog {unknown}
Potions
 c - a potion of ambrosia {unknown}
 h - a potion of might {unknown}
 o - 2 potions of berserk rage {unknown}


   Skills:
 * Level 4.6 Fighting
 + Level 3.4 Short Blades
 + Level 0.5 Throwing
 * Level 1.7 Armour
 + Level 3.5 Dodging
 + Level 2.9 Stealth


You had 4 spell levels left.
You didn't know any spells.
Your spell library contained the following spells:

 Spells                   Type           Power      Damage    Failure   Level
 Sting                    Tmut/Pois      0%         1d3       47%         1
 Poisonous Vapours        Pois/Air       0%         N/A       63%         2
 Portal Projectile        Hex/Tloc       0%         N/A       85%         3
 Olgreb's Toxic Radiance  Pois           0%         N/A       99%         4
 Excruciating Wounds      Necr           0%         N/A       100%        5
 Blade Hands              Tmut           Unusable   N/A       N/A         5

Dungeon Overview and Level Annotations

Branches:
Dungeon (3/15)

Altars:
Cheibriados
Nemelex Xobeh
Trog


Innate Abilities, Weirdness & Mutations

You thrive by killing the living.
You are immune to poison.
You have sharp fingernails.
Your flesh is cold resistant. (rC+)
You are immune to negative energy. (rN+++)
You do not regenerate when monsters are visible.
You are immune to unholy pain and torment.


Message History

The phantom hits you.
* * * LOW HITPOINT WARNING * * *
The phantom blinks!
You blink.
Unknown command.
It was a potion of curing.
You feel better. The phantom misses you.
You hit the phantom.
The phantom is moderately damaged.
You hit the phantom.
The phantom is heavily damaged.
The phantom barely misses you.
You closely miss the phantom.
The phantom is heavily damaged.
The phantom closely misses you.
You hit the phantom but do no damage.
The phantom is moderately damaged.
The phantom closely misses you.
You hit the phantom.
The phantom is heavily damaged.
The phantom hits you.
* * * LOW HITPOINT WARNING * * *
You hit the phantom.
The phantom is heavily damaged.
The phantom hits you.
* * * LOW HITPOINT WARNING * * *
The phantom blinks!
You blink.
You closely miss the phantom.
The phantom is heavily damaged.
The phantom closely misses you.
You feel better. The phantom hits you!
* * * LOW HITPOINT WARNING * * *
The phantom blinks!
You blink.
You barely miss the phantom.
The phantom is heavily damaged.
You barely miss the phantom.
The phantom is heavily damaged.
The phantom barely misses you.
You miss the phantom.
The phantom is heavily damaged.
The phantom hits you.
You die...

.....##.####........#
.....##..........♣♣♣#
.....###.###....♣..♣♣
########..##....♣♣..♣♣
#..♣♣♣♣♣♣#.♣...♣
#.♣♣.....♣♣♣♣..♣
#♣...♣♣♣......8♣
#.♣♣♣♣ ♣♣♣.⌠.._♣ #..#
♣♣W@...8♣ ##.#
♣♣♣.♣♣♣♣..♣ ##.#♣♣...♣
♣♣.♣♣ #.....♣♣♣♣ ♣.♣♣
#.......[##♣.♣
#...........♣♣
#........####
#.....§.># ##########


You could see a phantom.

Vanquished Creatures
  An iron imp (D:3)
  Jessica (D:2)
  4 gnolls (D:2)
  3 adders
  A worm (D:2)
  A dart slug (D:3)
  2 orcs (D:3)
  10 ball pythons
  5 endoplasms
  5 giant cockroaches
  6 goblins
  5 hobgoblins
  9 jackals (D:1)
  8 kobolds
  5 quokkas
  A bat (D:2)
  5 frilled lizards
  6 rats
78 creatures vanquished.

Notes
Turn   | Place    | Note
-------+----------+-------------------------------------------
     0 | D:1      | Kazon the Ghoul Monk began the quest for the Orb.
     0 | D:1      | Reached XP level 1. HP: 19/19 MP: 0/0
   180 | D:1      | Reached XP level 2. HP: 21/26 MP: 1/1
   275 | D:1      | Reached XP level 3. HP: 25/33 MP: 2/2
  1056 | D:2      | Reached skill level 1 in Armour
  1157 | D:2      | Noticed Jessica
  1166 | D:2      | Killed Jessica
  1167 | D:2      | Reached skill level 4 in Fighting
  1167 | D:2      | Reached XP level 4. HP: 28/40 MP: 3/3
  1283 | D:2      | Found a faded altar of an unknown god.
  1438 | D:2      | Reached XP level 5. HP: 30/47 MP: 4/4
  1965 | D:3      | Found a bloodstained altar of Trog.
  2078 | D:3      | Found a sparkling altar of Nemelex Xobeh.
  2407 | D:3      | Found a snail-covered altar of Cheibriados.
  2722 | D:3      | Noticed a phantom
  2771 | D:2      | HP: 1/47 [phantom (2)]
  2788 | D:2      | Slain by a phantom

Illustrated notes

Levels and vault maps discovered:
D:1:      scummos_arrival_simple_crosswalls, layout_basic, minmay_tripent
D:2:      layout_basic, shapermc_ecumenical_altar_totnotflames, uniq_jessica
D:3:      minmay_skewed_foursquare, layout_basic, slow_altar_1,
          nemelex_diamond_rough_becter, mainiacjoe_overflow_surrounded_room

Skill      XL: |  1  2  3 |
---------------+----------+-----
Dodging        | 3 |  3.5
Short Blades   | 3 |  3.4
Armour         | 1 |  1.7
Fighting       | 4 |  4.6
Throwing       | |  0.5
Stealth        | |  2.9

Action                   |  1- 3 |  4- 6 || total
-------------------------+-------+-------++-------
Melee: Dagger            |   177 |   119 ||   296
       Short sword       |    10 |    20 ||    30
       Punch             |     2 |     3 ||     5
Throw: Stone             |     6 |    49 ||    55
  Use: Potion            |       |     2 ||     2
 Stab: Sleeping          |     6 |     4 ||    10
       Distracted        |       |     1 ||     1
Armor: Robe              |    20 |     7 ||    27
Dodge: Dodged            |    94 |    62 ||   156
